 Dungeon Crawl Stone Soup version 0.31-a0-672-g7da72447bb (webtiles) character file.

Game seed: 5082082980397472001

100 Dirtsage the Changeling (level 4, -1/28 HPs)
             Began as an Octopode Shapeshifter on Sept 4, 2023.
             Killed by divine providence
             ... invoked by an orc priest
              (10 damage)
             ... on level 3 of the Dungeon.
             The game lasted 00:03:05 (2191 turns).

Dirtsage the Changeling (Octopode Shapeshifter)     Turns: 2191, Time: 00:03:06

Health: -1/28      AC:  1    Str: 15    XL:     4   Next: 73%
Magic:  4/4        EV: 13    Int: 12    God:
Gold:   145        SH:  0    Dex: 11    Spells: 3/3 levels left

rFire   . .          .
                       - Unarmed
rCold   . . .        (no shield)
rNeg    + . .        (helmet currently unavailable)
rPois   .            (no amulet)
rElec   .            N - ring of positive energy
rCorr   .            (no ring)
SInv    .            (no ring)
Will    .....        (no ring)
Stlth   ++           (no ring)
HPRegen 0.24/turn    (no ring)
MPRegen 0.09/turn    (no ring)
                     (no ring)

%: no passive effects
@: beast-form
A: beast (slay +2), almost no armour, amphibious, 8 rings, camouflage 1,
gelatinous body 1, (nimble swimmer 1), tentacles
a: Begin Untransformation


You were on level 3 of the Dungeon.
You were a hulking beast.
You visited 1 branch of the dungeon, and saw 3 of its levels.

You collected 145 gold pieces.

Inventory:

Jewellery
 N - a ring of positive energy (left tentacle)
Talismans
 b - a beast talisman (active)
 c - a flux talisman
 l - a beast talisman (active)
 m - a blade talisman
Scrolls
 e - 2 scrolls of identify {unknown}
 f - 2 scrolls of silence {unknown}
 h - a scroll of teleportation {unknown}
 i - a scroll of poison {unknown}
 n - a scroll of noise {unknown}
Potions
 a - 2 potions of lignification
 d - 2 potions of curing {unknown}
 g - a potion of berserk rage {unknown}
 j - a potion of enlightenment {unknown}
 k - 2 potions of invisibility {unknown}


   Skills:
 - Level 1.0 Fighting
 - Level 2.0 Dodging
 + Level 3.9 Unarmed Combat
 * Level 4.4 Shapeshifting


You had 3 spell levels left.
You didn't know any spells.
Your spell library contained the following spells:

 Spells                   Type           Power      Damage    Failure   Level
 Summon Guardian Golem    Hex/Summ       0%         N/A       69%         3
 Orb of Destruction       Conj           0%         9d5       100%        7
 Spellforged Servitor     Conj/Summ      0%         N/A       100%        7


Dungeon Overview and Level Annotations

Branches:
Dungeon (3/15)

Altars:
Nemelex Xobeh


Innate Abilities, Weirdness & Mutations

You are a hulking beast.
Your limbs bulge with bestial killing power. (Slay +2)
You cannot wear most types of armour.
You are amphibious.
You can wear up to eight rings at the same time.
Your skin changes colour to match your surroundings (Stealth+).
Your rubbery body absorbs attacks. (AC +1, EV +1)
((You are camouflaged when in or above water. (Stealth+)))
You have tentacles for arms and can constrict up to eight enemies at once.


Message History

The hobgoblin shouts!
Things that are here:
a +0 dagger; 5 stones
Items here: ))) [ †.
You bludgeon the hobgoblin!
You kill the hobgoblin!
Your life force feels restored.
No target in view!
No target in view!
An orc comes into view. It is wielding a +0 club.
Health restored: 28 The orc shouts!
You hear a shout!
An orc comes into view. It is wielding a +0 hand axe.
An orc priest comes into view. It is wielding a +0 dagger.
The orc hits you with a +0 club.
You take 4 damage, and have 24/28 hp.
You closely miss the orc. Your grab misses the orc. You squeeze the orc.
You kill the orc!
A kobold comes into view. It is wielding a +0 short sword.
Things that are here:
a +0 club; a +0 chain mail; an orc corpse You barely miss the orc.
You grab the orc. You squeeze the orc.
The orc is moderately wounded.
You constrict the orc, but do no damage.
The orc priest mumbles some strange prayers to Beogh against you.
Beogh smites you! The orc misses you.
You take 13 damage, and have 12/28 hp.
MASSIVE DAMAGE!!
The kobold shouts!
You tentacle-slap the orc. Your squeeze misses the orc.
The orc is severely wounded.
You constrict the orc. The orc hits you with a +0 hand axe.
You take 3 damage, and have 9/28 hp.
You closely miss the orc priest. Your grab misses the orc priest.
You constrict the orc.
You kill the orc!
The orc priest casts a cantrip, but nothing happens.
You closely miss the orc priest. Your grab misses the orc priest.
The orc priest mumbles some strange prayers to Beogh against you.
Beogh smites you!
You die...

.. ....#.. .#
##(.....#. .##
#......$. .. #.#....#
... #. #^.....## ...
#####K##......#.##....
##.....).......##.#..
#.....oh)...........
#..########....#..#
#...###..#
###........######
#.....###........
#......##..##.##..
#....>###.....##..
#.....##....####..
#...........####(.


You could see an orc priest and a kobold.

Vanquished Creatures
  A hound (D:2)
  An adder (D:2)
  3 worms
  A dart slug (D:1)
  3 orcs (D:3)
  3 endoplasms
  2 giant cockroaches (D:1)
  3 goblins
  5 hobgoblins
  5 ball pythons
  5 bats
  2 frilled lizards
  11 kobolds
  4 rats
49 creatures vanquished.

Notes
Turn   | Place    | Note
-------+----------+-------------------------------------------
     0 | D:1      | Dirtsage the Octopode Shapeshifter began the quest for the
                  | Orb.
     0 | D:1      | Reached XP level 1. HP: 13/13 MP: 1/1
   182 | D:1      | Reached XP level 2. HP: 18/18 MP: 2/2
   379 | D:1      | Found a faded altar of an unknown god.
   860 | D:2      | Reached XP level 3. HP: 16/23 MP: 3/3
  1101 | D:2      | Reached skill level 4 in Shapeshifting
  1101 | D:2      | Reached XP level 4. HP: 9/28 MP: 4/4
  1800 | D:2      | Identified the +8 falchion "Isof" {venom, Will++ Stlth+}
  1979 | D:3      | Identified the +8 war axe of Jetouno {drain, rPois rF+
                  | Int-3}
  2054 | D:3      | Found a sparkling altar of Nemelex Xobeh.
  2191 | D:3      | Killed from afar by an orc priest

Illustrated notes

Levels and vault maps discovered:
D:1:      amcnicky_arrival_single_pillar, layout_loops_corners,
          basic_ecumenical_altar, corexii_item_surrounded_by_moat
D:2:      minmay_wonky_spiral, layout_basic, serial_co_window_serial,
          co_window_paths_a, co_window_paths_b, co_window_paths_a,
          co_window_corner_a, co_window_paths_a, co_window_2corner,
          co_window_unsneaky_path_e, co_window_broadway_b, co_window_corner_b,
          co_window_corner_b, co_window_paths_d, co_window_4corner_b,
          glass_columns_a, glass_columns_a, glass_columns_a, glass_columns_a,
          minmay_cut_off
D:3:      layout_rooms, lemuel_coloured_pillars_altar, zin_angel, hex_tiny,
          minmay_misc_feat_tiny

Skill      XL: |  1  2  3 |
---------------+----------+-----
Shapeshifting  | 4 |  4.4
Fighting       | |  1.0
Dodging        | |  2.0
Unarmed Combat | |  3.9

Action                     |  1- 3 |  4- 6 || total
---------------------------+-------+-------++-------
  Melee: Unarmed           |    45 |    44 ||    89
         Constrict         |    11 |    10 ||    21
         Punch             |     2 |     1 ||     3
         Tentacles         |     9 |     9 ||    18
   Stab: Sleeping          |     4 |     8 ||    12
 Armour: Skin              |    16 |    10 ||    26
  Dodge: Dodged            |    25 |    15 ||    40

Table legend: (Time is in decaauts)
 A = Elapsed time spent in this place.
 B = Non-inter-level travel time spent in this place.
 C = Inter-level travel time spent in this place.
 D = Time resting spent in this place.
 E = Time spent auto-exploring this place.
 F = Levels seen in this place.
 G = Mean time per level.
                   A        B        C        D        E       F      G
               +--------+--------+--------+--------+--------+-----+--------+
         Total |   2185 |   2168 |     17 |    130 |   1742 |   3 |  728.3 |
       Dungeon |   2185 |   2168 |     17 |    130 |   1742 |   3 |  728.3 |
               +--------+--------+--------+--------+--------+-----+--------+

Top non-repeatable levels by time:
     D:2: 1120 daAuts
     D:1: 844 daAuts
     D:3: 220 daAuts
